 Dungeon Crawl Stone Soup version 0.29.0-4-gdea44cf6ec (webtiles) character file.

Game seed: 5745564634339565197

53 qw the Chopper (level 3, -3/23 HPs)
             Began as a Gargoyle Fighter on Sept 7, 2022.
             Slain by a gnoll
             ... wielding a +0 flail
              (6 damage)
             ... on level 2 of the Dungeon.
             The game lasted 00:00:40 (1649 turns).

qw the Chopper (Gargoyle Fighter)                   Turns: 1649, Time: 00:00:40

Health: -3/23      AC: 10    Str: 21    XL:     3   Next: 89%
Magic:  3/3        EV:  9    Int:  8    God:
Gold:   56         SH:  4    Dex:  9    Spells: 2/2 levels left

rFire   . . .      SeeInvis .   Y - +0 war axe
rCold   . . .      Faith    .   c - +0 buckler
rNeg    + . .      Spirit   .   b - +0 scale mail
rPois   inf        Reflect  .   (no helmet)
rElec   +          Harm     .   (no cloak)
rCorr   .          Rampage  .   (no gloves)
Will    .....                   (no boots)
Stlth   ..........              (no amulet)
HPRegen 0.07/turn               (no ring)
MPRegen 0.08/turn               (no ring)

@: no status effects
A: sickness immunity, AC +3, negative energy resistance 1, electricity
resistance, torment resistance 1, petrification resistance
a: no special abilities


You were on level 2 of the Dungeon.
You visited 1 branch of the dungeon, and saw 2 of its levels.

You collected 56 gold pieces.


Innate Abilities, Weirdness & Mutations

You are immune to sickness and miasma.
Your stone body is resilient. (AC +3)
You are immune to poison.
You resist negative energy. (rN+)
You are resistant to electric shocks. (rElec)
You are resistant to unholy torment.
You are immune to petrification.


   Skills:
 - Level 3.2 Fighting
 + Level 3.7 Axes
 - Level 3.2 Armour
 - Level 3.2 Shields


You had 2 spell levels left.
You didn't know any spells.
Your spell library was empty.

Inventory:

Hand Weapons
 g - a +0 mace
 Y - a +0 war axe (weapon)
Armour
 b - a +0 scale mail (worn)
 c - a +0 buckler (worn)
Scrolls
 a - a scroll of identify
 f - a scroll of torment {unknown}
Potions
 d - a potion of might
 e - 2 potions of haste

Dungeon Overview and Level Annotations

Branches:
Dungeon (2/15)

Altars:

Shops:
D:1 (

Annotations:
D:2 Robin


Message History

Things that are here:
a +0 short sword; a kobold corpse
Things that are here:
a +0 club; a goblin corpse
Found a book of Dreams. 2 gnolls come into view.
The gnoll shouts! x2; You hear a shout! x2
The gnoll moves out of view.
A gnoll comes into view. It is wielding a +0 flail.
1640 ||| Stepping ~*~*~tactically~*~*~ (hiding).
You start waiting.
A gnoll is nearby!
You slash the gnoll!
The gnoll is severely wounded.
The gnoll hits you with a +0 flail!
You barely miss the gnoll.
The gnoll is severely wounded.
The gnoll hits you with a +0 flail.
The gnoll hits you from afar with a +0 spear.
1645 ||| DRINKING potion of heal wounds.
You feel much better. The gnoll hits you with a +0 flail.
The gnoll hits you but does no damage.
You barely miss the gnoll.
The gnoll is severely wounded.
A ball python comes into view.
The gnoll hits you with a +0 flail.
The gnoll hits you from afar with a +0 spear.
You block the gnoll's attack. The gnoll barely misses you.
The ball python moves out of view.
You slash the gnoll!
You kill the gnoll!
You barely miss the gnoll. The gnoll barely misses you. x2
You barely miss the gnoll.
The ball python hisses angrily.
The gnoll hits you with a +0 flail! The gnoll barely misses you.
You slash the gnoll!
The gnoll is almost dead.
The gnoll hits you with a +0 flail.
You die...

#......####......#
#.##.....##......#
#.....##......#
####.....#######.#
#........# #..
#.##...### ###
#.##.### #.##.#
#@:..# #)g..# ##
g.g...gS...# #.
.#.##...##.# #.
#.#.. .# #. #.##.
# ## #. .. # #. ..


You could see 2 gnolls and a ball python.

Vanquished Creatures
  A gnoll (D:2)
  A giant cockroach (D:1)
  12 goblins
  2 hobgoblins
  4 jackals (D:1)
  6 kobolds
  3 quokkas
  2 ball pythons (D:1)
  2 bats (D:1)
  2 frilled lizards
  4 rats
39 creatures vanquished.

Notes
Turn   | Place    | Note
-------+----------+-------------------------------------------
     0 | D:1      | qw the Gargoyle Fighter began the quest for the Orb.
     0 | D:1      | Reached XP level 1. HP: 14/14 MP: 1/1
     0 | D:1      | 0 ||| qw: Version: 0.1-a-108-g9e35731
     0 | D:1      | 0 ||| qw: Game counter: 6558
     0 | D:1      | 0 ||| qw: Always use a shield: true
     0 | D:1      | 0 ||| qw: God list: Okawaru
     0 | D:1      | 0 ||| qw: Allow faded altars: false
     0 | D:1      | 0 ||| qw: Do Orc after D:15 true
     0 | D:1      | 0 ||| qw: Do second Lair branch before Depths: true
     0 | D:1      | 0 ||| qw: Lair rune preference: random
     0 | D:1      | 0 ||| qw: Plans: Normal, Zot, God:TSO, Crypt, Tomb, Zig,
                  | Orb
     0 | D:1      | 0 ||| PLANNING D:1-11
   231 | D:1      | Found Geethraal's Antique Weapon Shoppe.
   394 | D:1      | Found a faded altar of an unknown god.
   419 | D:1      | Reached XP level 2. HP: 15/19 MP: 2/2
   531 | D:1      | 531 ||| DROPPING +0 club.
   701 | D:1      | 701 ||| Stepping ~*~*~tactically~*~*~ (stealth).
   709 | D:1      | Reached skill level 3 in Axes
   899 | D:1      | Reached XP level 3. HP: 22/23 MP: 3/3
  1218 | D:1      | 1218 ||| READING 3 scrolls labelled MILEVA UJUE.
  1219 | D:1      | 1219 ||| READING scroll labelled TIYLOJ OLOISKI.
  1220 | D:1      | 1220 ||| DRINKING 3 golden potions.
  1221 | D:1      | 1221 ||| DRINKING 2 glowing pink potions.
  1222 | D:1      | 1222 ||| READING 2 scrolls of identify.
  1222 | D:1      | 1222 ||| IDENTIFYING green potion
  1223 | D:1      | 1223 ||| DROPPING potion of invisibility.
  1413 | D:2      | Noticed Robin
  1414 | D:2      | 1414 ||| Stepping ~*~*~tactically~*~*~ (stealth).
  1422 | D:2      | 1422 ||| Stepping ~*~*~tactically~*~*~ (stealth).
  1618 | D:2      | 1618 ||| Stepping ~*~*~tactically~*~*~ (stealth).
  1640 | D:2      | 1640 ||| Stepping ~*~*~tactically~*~*~ (hiding).
  1644 | D:2      | HP: 5/23 [gnoll/+0 spear (5)]
  1645 | D:2      | 1645 ||| DRINKING potion of heal wounds.
  1649 | D:2      | Slain by a gnoll

Levels and vault maps discovered:
D:1:      heliophobic_arrival_dark_side_of_the_moon, layout_basic,
          shapermc_ecumenical_altar_venn, serial_shops, nicolae_square_shop
D:2:      minmay_chambers_of_ones, layout_basic, uniq_sigmund, uniq_robin

Skill      XL: |  1  2 |
---------------+-------+-----
Axes           | 2 3 |  3.7
Fighting       | |  3.2
Armour         | |  3.2
Shields        | |  3.2

Action                   || total
-------------------------++-------
Melee: War axe           ||   126
  Use: Scroll            ||     3
       Potion            ||     3
Armor: Scale mail        ||    58
Dodge: Dodged            ||    62
Block: Buckler           ||    29

Table legend:
 A = Non-vault XP
 B = Vault XP
 C = Vault XP percentage of total XP
 D = Non-vault monster count
 E = Vault monster count
 F = Vault count percentage of total count
                 A         B        C        D         E       F
            +---------+---------+-------+---------+---------+-------
      Total |      62 |      15 |  19.5 |      31 |       8 |  20.5
            +---------+---------+-------+---------+---------+-------
        D:1 |      39 |       0 |   0.0 |      24 |       0 |   0.0
        D:2 |      23 |      15 |  39.5 |       7 |       8 |  53.3
            +---------+---------+-------+---------+---------+-------
